 Dungeon Sprint DCSS version 0.27.1-34-g3ba077fa99 (webtiles) character file.

Game seed: 8098547426924582282

7 alasdair19 the Skirmisher (level 1, -5/22 HPs)
             Began as a Minotaur Fighter on Jan 15, 2022.
             Succumbed to a scorpion's poison
             ... in the Dungeon (Sprint II: "The Violet Keep of Menkaure").
             The game lasted 00:00:16 (263 turns).

alasdair19 the Skirmisher (Minotaur Fighter)         Turns: 263, Time: 00:00:17

Health: -5/22      AC:  7    Str: 20    XL:     1   Next: 83%
Magic:  0/0        EV:  7    Int:  5    God:
Gold:   243        SH:  9    Dex:  9    Spells: 0/0 levels left

rFire    . . .     SeeInvis .   a - +0 long sword
rCold    . . .     Faith    .   c - +0 kite shield
rNeg     . . .     Spirit   .   b - +0 scale mail
rPois    .         Reflect  .   (helmet restricted)
rElec    .         Harm     .   (no cloak)
rCorr    .         Rampage  .   (no gloves)
Will     .....     NoTele   +   (no boots)
Stlth    ..........             (no amulet)
HPRegen  0.07/turn              (no ring)
MPRegen  0.07/turn              (no ring)

@: lethally poisoned (-5 -> -30)
A: horns 2, retaliatory headbutt
a: no special abilities


You were in the Dungeon.
You visited 1 branch You collected 243 gold pieces.

Inventory:

Hand Weapons
 a - a +0 long sword (weapon)
Armour
 b - a +0 scale mail (worn)
 c - a +0 kite shield (worn)
Scrolls
 j - a scroll of blinking
Potions
 d - a potion of might
 e - a potion of curing
 f - a potion of heal wounds
 g - a potion of haste
 h - 2 potions of magic
 i - a potion of berserk rage


   Skills:
 + Level 4.4 Fighting
 + Level 2.8 Long Blades
 + Level 4.4 Armour
 + Level 4.4 Shields


You couldn't memorise any spells.
You didn't know any spells.
Your spell library was empty.

Dungeon Overview and Level Annotations

Branches:
Dungeon (1/1)

Altars:


Innate Abilities, Weirdness & Mutations

You have a pair of horns on your head.
You reflexively headbutt those who attack you in melee.


Message History

You barely miss the worm. You headbutt the worm.
The worm is almost dead.
The worm bites you.
* * * LOW HITPOINT WARNING * * *
You hit the worm.
You kill the worm!
There is an open door here.
You now have 243 gold pieces.
There is an open door here.
You start resting.
You start resting.
HP restored.
There is a staircase leading out of the dungeon here.
You open the door. 4 scorpions come into view.
You barely miss the scorpion.
The scorpion stings you but does no damage.
You closely miss the scorpion. The scorpion stings you.
You are poisoned.
The scorpion poisons you! The scorpion barely misses you.
You riposte.
You hit the scorpion.
The scorpion is moderately wounded.
You hit the scorpion.
The scorpion is severely wounded.
You feel very sick. The scorpion completely misses you.
The scorpion stings you.
You are lethally poisoned!
The scorpion poisons you!
You hit the scorpion but do no damage.
The scorpion is heavily wounded.
* * * LOW HITPOINT WARNING * * *
You feel very sick.
The scorpion stings you but does no damage.
The scorpion stings you.
* * * LOW HITPOINT WARNING * * *
You are more poisoned.
The scorpion poisons you!
You hit the scorpion.
The scorpion is almost dead.
You die... ### ### .s .. s#s

#s#
##@####
+.<.'.#
##.##...#
#+###.##
##


You could see 4 scorpions.

Vanquished Creatures
  2 worms (D)
2 creatures vanquished.

Vanquished Creatures (others)
  A water moccasin (D)
1 creature vanquished.

Grand Total: 3 creatures vanquished

Notes
Turn   | Place    | Note
-------+----------+-------------------------------------------
     0 | D        | alasdair19 the Minotaur Fighter began the quest for the
                  | Orb.
     0 | D        | Reached XP level 1. HP: 19/19 MP: 0/0
    47 | D        | Killed a water moccasin
   258 | D        | Noticed a scorpion
   258 | D        | Noticed a scorpion
   258 | D        | Noticed a scorpion
   258 | D        | Noticed a scorpion
   263 | D        | Succumbed to a scorpion's poison

Illustrated notes

Levels and vault maps discovered:
D:        the_violet_keep_of_menkaure [sprint2_stairs_cluster_1,
          sprint2_shoproom, sprint2_temple, sprint2_basic_supplies,
          sprint2_obstacle_5, sprint2_obstacle_6, sprint2_obstacle_1,
          sprint2_obstacle_2, sprint2_obstacle_3, sprint2_timed_cluster_1,
          sprint2_smallroom_cluster_1, sprint2_smallroom_final_cluster_1,
          sprint2_transparent_cluster_1, sprint2_second_timed_cluster_1,
          sprint2_sniper_area_1, sprint2_heavy_combat_area_1,
          sprint2_mutation_trap_area_1, sprint2_forest_area_1,
          sprint2_light_combat_area_1, sprint2_behind_water_1,
          sprint2_near_end_vault_1]

Skill      XL: |  1 |
---------------+----+-----
Fighting       | 4 |  4.4
Armour         | 4 |  4.4
Shields        | 4 |  4.4
Long Blades    | |  2.8

Action                   || total
-------------------------++-------
Melee: Long sword        ||    14
       Headbutt          ||     3
Armor: Scale mail        ||     3
Dodge: Dodged            ||     3
Block: Kite shield       ||     1
       Rpst.: Long sword ||     1
